 Dungeon Crawl Stone Soup version 0.25-a0-670-g50981ef (webtiles) character file.

Game seed: 18135651044427561235, levelgen mode: deterministic

66648 Faca the Warrior (level 15, 0/129 HPs)
             Began as a Human Fighter on Mar 28, 2020.
             Was the Champion of Okawaru.
             Killed by divine providence
             ... invoked by Saint Roka
              (16 damage)
             ... on level 2 of the Orcish Mines on Mar 29, 2020.
             The game lasted 01:02:06 (27927 turns).

Faca the Warrior (Human Fighter)                   Turns: 27927, Time: 01:02:06

Health: 0/129      AC: 34    Str: 29    XL:     15   Next: 63%
Magic:  16/20      EV: 11    Int:  8    God:    Okawaru [******]
Gold:   2007       SH: 19    Dex: 13    Spells: 14/14 levels left

rFire    + . .     SeeInvis +   K - +3 scimitar (flame)
rCold    + . .     Gourm    .   I - +0 kite shield {AC+3}
rNeg     . . .     Faith    .   c - +1 plate armour {rF+}
rPois    .         Spirit   .   D - +2 helmet
rElec    .         Reflect  +   S - +1 cloak {+Inv}
rCorr    .         Harm     .   G - +0 pair of gloves {Str+3}
MR       +++..                  a - +0 pair of boots
Stlth    ..........             J - +4 amulet of reflection
HPRegen  0.31/turn              o - +4 ring of protection
MPRegen  0.17/turn              L - ring of Xom's Bemusement {rC+ MR++ Str+3 SInv Stlth+}

@: heroism
A: no striking features
a: Heroism, Finesse, Renounce Religion, Evoke Invisibility


You were on level 2 of the Orcish Mines.
You worshipped Okawaru.
Okawaru was exalted by your worship.
You were not hungry.

You visited 4 branches of the dungeon, and saw 21 of its levels.
You also visited: Ossuary and Gauntlet.

You collected 2502 gold pieces.
You spent 495 gold pieces at shops.

Inventory:

Hand Weapons
 k - a +6 double sword
 K - a +3 scimitar of flaming (weapon)
 P - the +8 rapier of Law {vorpal, rC+ rN+ MR+ Int+2}
   (You found it on level 6 of the Lair of Beasts)

   It inflicts extra damage upon your enemies.
   It affects your intelligence (+2).
   It protects you from cold.
   It protects you from negative energy.
   It affects your resistance to hostile enchantments.
Missiles
 r - a throwing net
 s - 54 boomerangs (quivered)
 t - 6 javelins
 M - 21 silver javelins
Armour
 a - a +0 pair of boots (worn)
 c - a +1 plate armour of fire resistance (worn)
 g - a scarf of cloud immunity
 D - a +2 helmet (worn)
 G - a +0 pair of gloves of strength (worn)
 I - a +0 kite shield of protection (worn)
 N - a +3 chain mail of cold resistance
 O - a +0 tower shield of fire resistance
 S - a +1 cloak of invisibility (worn)
Jewellery
 o - a +4 ring of protection (left hand)
 F - an uncursed ring of protection from fire
 J - a +4 amulet of reflection (around neck)
 L - the ring of Xom's Bemusement (right hand) {rC+ MR++ Str+3 SInv Stlth+}
   (You found it in a Gauntlet)

   [ring of see invisible]

   It affects your strength (+3).
   It protects you from cold.
   It affects your resistance to hostile enchantments.
   It lets you see invisible.
   It makes you more stealthy.
 Q - the ring "Coxetaz" {Str+5 Int+6}
   (You found it in a Gauntlet)

   [ring of strength]

   It affects your strength (+5).
   It affects your intelligence (+6).
Wands
 q - a wand of flame (20)
 v - a wand of acid (17)
 y - a wand of polymorph (7)
 E - a wand of digging (27)
 H - a wand of iceblast (15)
Scrolls
 b - 6 scrolls of enchant weapon
 e - 11 scrolls of identify
 h - 11 scrolls of teleportation
 m - 5 scrolls of remove curse
 u - 4 scrolls of fear
 w - a scroll of enchant armour
 x - 2 scrolls of magic mapping
Potions
 d - 4 potions of might
 j - 5 potions of flight
 l - 2 potions of mutation
 n - 4 potions of lignification
 p - 3 potions of cancellation
 z - 11 potions of curing
 A - 2 potions of ambrosia
 B - 5 potions of resistance
 C - 2 potions of haste
Comestibles
 f - 27 rations
 i - 4 chunks of flesh


   Skills:
 + Level 15.0(20.0) Fighting
 + Level 14.8(19.8) Long Blades
 + Level 10.5(15.5) Armour
 + Level 10.5(15.5) Shields
 + Level 7.8 Invocations


You had 14 spell levels left.
You didn't know any spells.
Your spell library contained the following spells:

 Spells                   Type           Power        Failure   Level  Hunger
 Corona                   Hex            #......      94%         1    ##.....
 Magic Dart               Conj           #...         94%         1    ##.....
 Shock                    Conj/Air       #...         94%         1    ##.....
 Searing Ray              Conj           #.....       98%         2    ###....
 Slow                     Hex            #.......     98%         2    ###....
 Swiftness                Chrm/Air       #.......     98%         2    ###....
 Dazzling Flash           Conj/Hex       #.....       100%        3    ####...
 Gell's Gravitas          Tloc           #.........   100%        3    ####...
 Inner Flame              Hex/Fire       #.......     100%        3    ####...
 Portal Projectile        Hex/Tloc       #.....       100%        3    ####...
 Static Discharge         Conj/Air       #.......     100%        3    ####...
 Airstrike                Air            #.........   100%        4    #####..
 Cause Fear               Hex            #.........   100%        4    #####..
 Fulminant Prism          Conj/Hex       #.........   100%        4    #####..
 Iskenderun's Mystic Bla  Conj/Tloc      #.......     100%        4    #####..
 Leda's Liquefaction      Hex/Erth       #.........   100%        4    #####..
 Lightning Bolt           Conj/Air       #.........   100%        5    ######.
 Silence                  Hex/Air        #.........   100%        5    ######.
 Yara's Violent Unravell  Hex/Tmut       #.........   100%        5    ######.
 Deflect Missiles         Chrm/Air       #.........   100%        6    #######
 Dispersal                Tloc           #.........   100%        6    #######
 Controlled Blink         Tloc           N/A          100%        8    #######
 Discord                  Hex            #.........   100%        8    #######
 Disjunction              Tloc           #.........   100%        8    #######


Dungeon Overview and Level Annotations

Branches:
Dungeon (12/15)            Temple (1/1) D:7            Lair (6/6) D:8
 Shoals (0/4) Lair:2       Spider (0/4) Lair:4        Slime (0/5) Lair:5
    Orc (2/2) D:9             Elf (0/3) Orc:2       Ossuary (visited)
Gauntlet (visited)

Altars:
Ashenzari
Cheibriados
Dithmenos
Elyvilon
Fedhas
Gozag
Hepliaklqana
Kikubaaqudgha
Makhleb
Nemelex Xobeh
Okawaru
Qazlal
Ru
Sif Muna
Trog
Uskayaw
Vehumet
Wu Jian
Xom
Yredelemnul
Zin
The Shining One
Beogh

Shops:
D:6 %   D:7 (   D:9 %   Orc:2 }((

Annotations:
Orc:2 Saint Roka


Message History

Aim: Saint Roka, wielding a +4 bardiche of venom and wearing a +0 chain mail of magic resistance (heavily wounded, covered in acid)
The bolt of acid hits the orc warrior!
The orc warrior is splashed with acid.
The orc warrior seems to be corroded for longer.
You kill the orc warrior!
Okawaru accepts your kill.
The bolt of acid hits Saint Roka!
Saint Roka is splashed with acid!
Saint Roka is severely wounded.
Saint Roka calls down the wrath of Beogh upon you.
Beogh smites you!
* * * LOW HITPOINT WARNING * * *
The orc no longer looks unusually strong.
Saint Roka roars a battlecry!
The orc goes into a battle-frenzy!
Saint Roka calls down the wrath of Beogh upon you.
Beogh smites you!
* * * LOW HITPOINT WARNING * * *
Your hands slow down.
Saint Roka calls down the wrath of Beogh upon you.
Beogh smites you!
You die...

.....#.......#.###.## ###+##8
#...........#### #..# ##
..........#.# #..## #.........###
##..### # ..........#
####...########## ..........##
##..###..........)
...........#####....#............
....##......##.##..o.o.)).)).....
...>.#..........@##)####.....)...
.....#.##.........#)#_.#)........
....######.......##.#..#.........
...###.#.)...#.###..#).#.........
...).....[).#### ##.#))#.........
#....)...))## ##.#'##.........
#.......)...# #...............
.#.........## ##..............
##......#...# ##....^........


You could see Saint Roka and an orc.

Vanquished Creatures
  An orc warlord (D:9)
  Azrael (D:12)
  A minotaur (Gauntlet)
  An ettin (Orc:2)
  Josephine (D:11)
  A fire dragon (Lair:6)
  Erica (D:9)
  10 hydras
  2 two-headed ogres (D:12)
  A death yak (Lair:5)
  Urug (Lair:2)
  2 orc high priests (Orc:2)
  An unseen horror (D:12)
  A lindwurm (Lair:6)
  Pikel (D:7)
  2 orc knights
  4 ugly things
  An oklob plant (Gauntlet)
  3 orc sorcerers
  A cyclops (D:12)
  A guardian serpent (D:9)
  12 elephants
  3 molten gargoyles (Lair:6)
  11 black mambas
  3 spiny frogs
  A gargoyle (D:11)
  A torpor snail (Gauntlet)
  An efreet (Gauntlet)
  11 komodo dragons
  2 rime drakes
  3 trolls
  A hornet (D:11)
  A merfolk (D:9)
  3 polar bears
  7 dream sheep (Lair:6)
  11 hippogriffs
  13 blink frogs
  5 wraiths
  23 yaks
  3 basilisks
  5 wyverns
  4 steam dragons
  2 fire elementals
  A hungry ghost (D:12)
  Menkaure (D:7)
  2 acid dragons
  Edmund (D:4)
  7 wargs
  10 hell hounds
  5 porcupines
  14 water moccasins
  Purgy (D:3)
  41 orc warriors
  3 sky beasts
  5 phantoms
  A hornet zombie (D:12)
  4 wolves
  11 ogres
  An eye of draining (D:12)
  10 centaurs
  11 crocodiles
  3 big kobolds
  10 bullfrogs
  A wyvern skeleton (D:11)
  7 scorpions
  6 killer bees (D:9)
  12 wights
  3 howler monkeys (D:12)
  5 electric eels
  10 crimson imps
  4 lava snakes (Lair:6)
  A quasit (D:9)
  22 orc priests
  2 jellies
  2 bullfrog zombies
  A centaur skeleton (D:5)
  2 hounds
  Crazy Yiuf (D:6)
  Ijyb (D:4)
  3 bullfrog skeletons
  3 iguanas
  22 orc wizards
  4 worker ants
  A hound skeleton (D:9)
  8 mummies (Ossuary)
  12 gnolls
  13 adders
  3 river rats (D:7)
  2 shadow imps
  An ooze (D:6)
  An adder zombie (D:8)
  2 adder skeletons
  8 worms
  3 dart slugs
  147 orcs
  8 bats
  4 giant cockroaches
  A gnoll zombie (Ossuary)
  9 goblins
  9 hobgoblins
  18 jackals
  23 kobolds
  5 quokkas
  4 frilled lizards
  A giant cockroach zombie (D:5)
  3 hobgoblin zombies (Ossuary)
  2 kobold zombies (Ossuary)
  2 orc zombies (Ossuary)
  A quokka zombie (D:5)
  9 rats
  A fungus (Lair:3)
  2 plants (Lair:3)
721 creatures vanquished.

Vanquished Creatures (others)
  A cyclops (D:11)
  A jelly (D:7)
  A river rat (D:7)
  4 orcs
  2 kobolds (D:11)
  A fungus (Lair:3)
  A plant (D:7)
11 creatures vanquished.

Grand Total: 732 creatures vanquished

Notes
Turn   | Place    | Note
-------+----------+-------------------------------------------
     0 | D:1      | Faca the Human Fighter began the quest for the Orb.
     0 | D:1      | Reached XP level 1. HP: 18/18 MP: 1/1
   151 | D:1      | Reached XP level 2. HP: 23/24 MP: 2/2
   369 | D:1      | Reached XP level 3. HP: 29/29 MP: 3/3
  1358 | D:2      | Reached XP level 4. HP: 34/37 MP: 4/4
  1407 | D:2      | Reached skill level 4 in Fighting
  2060 | D:3      | Reached XP level 5. HP: 42/42 MP: 5/5
  2497 | D:3      | Noticed Purgy
  2505 | D:3      | Killed Purgy
  2505 | D:3      | Reached skill level 5 in Fighting
  2505 | D:3      | Reached XP level 6. HP: 41/51 MP: 6/6
  2860 | D:3      | Found a transporter.
  2875 | D:3      | Found a transporter.
  2895 | D:3      | Reached skill level 5 in Long Blades
  2958 | D:3      | Reached XP level 7. HP: 56/56 MP: 7/7
  3022 | D:3      | Found a faded altar of an unknown god.
  3477 | D:4      | Noticed Edmund
  3789 | D:4      | Killed Edmund
  3789 | D:4      | Reached skill level 6 in Fighting
  4064 | D:4      | Noticed Ijyb
  4238 | D:3      | Reached XP level 8. HP: 38/65 MP: 8/8
  4472 | D:4      | Paralysed by Ijyb for 2 turns
  4476 | D:4      | Paralysed by Ijyb for 2 turns
  4480 | D:4      | Killed Ijyb
  4693 | D:5      | Entered Level 5 of the Dungeon
  4759 | D:5      | Reached skill level 7 in Fighting
  4764 | D:5      | Found an opulent altar of Gozag.
  5674 | D:6      | Reached skill level 8 in Fighting
  5674 | D:6      | Reached XP level 9. HP: 71/74 MP: 9/9
  5706 | D:6      | Found a sand-covered staircase.
  5713 | Ossuary  | Entered an ossuary
  6918 | D:6      | Reached skill level 9 in Fighting
  7327 | D:6      | Reached XP level 10. HP: 49/84 MP: 10/10
  7346 | D:6      | Reached skill level 10 in Fighting
  7688 | D:6      | Found Ulyph's Food Shop.
  7754 | D:6      | Found a runed translucent door.
  7755 | D:6      | Noticed Crazy Yiuf
  7763 | D:6      | Killed Crazy Yiuf
  7810 | D:7      | Reached skill level 10 in Long Blades
  7818 | D:7      | Found Bazu's Antique Weapon Boutique.
  7822 | D:7      | Bought an ichor-stained long sword for 255 gold pieces
  7822 | D:7      | Identified the cursed +1 long sword of Neowumak {protect,
                  | rC- rN++ Int+4} (You bought it in a shop on level 7 of the
                  | Dungeon)
  7823 | D:7      | Bought a brightly glowing short sword for 240 gold pieces
  7824 | D:7      | Identified the +10 short sword of Bloody Death {venom,
                  | +Rage Int+2 SInv} (You bought it in a shop on level 7 of
                  | the Dungeon)
  8269 | D:7      | Found an ancient bone altar of Kikubaaqudgha.
  8325 | D:7      | Found a staircase to the Ecumenical Temple.
  8537 | Temple   | Entered the Ecumenical Temple
  8564 | Temple   | Became a worshipper of Warmaster Okawaru
  8889 | D:7      | Noticed Pikel
  8889 | D:7      | Noticed Menkaure
  8893 | D:7      | Killed Menkaure
  8900 | D:7      | Killed Pikel
  8920 | D:7      | Reached * piety under Okawaru
  9588 | D:8      | Found a staircase to the Lair.
  9977 | D:9      | Found Noduyf's Food Shoppe.
  9996 | D:8      | Reached skill level 11 in Fighting
 10495 | D:9      | Reached XP level 11. HP: 82/93 MP: 11/11
 10533 | D:9      | Reached ** piety under Okawaru
 10663 | D:9      | Found a staircase to the Orcish Mines.
 10952 | D:9      | Noticed Erica
 10958 | D:9      | Killed Erica
 10958 | D:9      | Reached *** piety under Okawaru
 10958 | D:9      | Reached skill level 12 in Fighting
 11360 | D:10     | Entered Level 10 of the Dungeon
 11711 | D:10     | Found a shadowy altar of Dithmenos.
 12074 | D:11     | Reached **** piety under Okawaru
 12188 | D:11     | Noticed Josephine
 12209 | D:11     | Killed Josephine
 12609 | D:11     | Reached ***** piety under Okawaru
 12638 | D:11     | Noticed a cyclops
 12641 | D:11     | Killed a cyclops
 12641 | D:11     | Reached XP level 12. HP: 81/103 MP: 12/12
 13046 | D:11     | Reached skill level 5 in Shields
 13078 | D:11     | Reached skill level 5 in Armour
 13449 | D:12     | Found a roughly hewn altar of Beogh.
 13916 | D:12     | Noticed Azrael
 13918 | D:12     | Received a gift from Okawaru
 13930 | D:12     | Killed Azrael
 14066 | D:12     | Noticed an unseen horror
 14077 | D:12     | Killed an unseen horror
 14099 | D:12     | Reached skill level 13 in Fighting
 14681 | D:12     | Noticed a two-headed ogre
 14690 | D:12     | Killed a two-headed ogre
 14938 | D:12     | Noticed a two-headed ogre
 14945 | D:12     | Killed a two-headed ogre
 14945 | D:12     | Reached XP level 13. HP: 96/111 MP: 13/13
 15073 | D:12     | Identified a scroll of acquirement
 15267 | Lair:1   | Entered Level 1 of the Lair of Beasts
 15350 | Lair:1   | Noticed a five-headed hydra
 15362 | Lair:1   | Killed a one-headed hydra
 15482 | Lair:1   | Found a white marble altar of Elyvilon.
 16098 | Lair:2   | Reached ****** piety under Okawaru
 16142 | Lair:2   | Found a gate leading to a gauntlet.
 16151 | Gauntlet | Entered a Gauntlet
 16151 | Gauntlet | Found a transporter.
 16151 | Gauntlet | Found a transporter.
 16151 | Gauntlet | Found a transporter.
 16354 | Gauntlet | Found a transporter.
 16367 | Gauntlet | Found a transporter.
 16371 | Gauntlet | Found a transporter.
 16383 | Gauntlet | Found a transporter.
 16404 | Gauntlet | Found a transporter.
 16427 | Gauntlet | Found a transporter.
 16431 | Gauntlet | Found a transporter.
 16443 | Gauntlet | Found a transporter.
 16445 | Gauntlet | Found a transporter.
 16596 | Gauntlet | Received a gift from Okawaru
 16604 | Gauntlet | Reached skill level 1 in Invocations
 16946 | Gauntlet | Got a clouded golden ring
 17011 | Gauntlet | Identified the ring of Xom's Bemusement {rC+ MR++ Str+3
                  | SInv Stlth+} (You found it in a Gauntlet)
 17156 | Gauntlet | Identified the +10 hunting sling "Leguull" {speed, *Drain
                  | rPois Dex+4 Stlth+}
 17156 | Gauntlet | Noticed a minotaur
 17172 | Gauntlet | Killed a minotaur
 17172 | Gauntlet | Received a gift from Okawaru
 17184 | Gauntlet | Got a bloodstained buckler {god gift}
 17209 | Gauntlet | Got a warped steel ring
 17306 | Lair:2   | Identified the ring "Coxetaz" {Str+5 Int+6} (You found it
                  | in a Gauntlet)
 17317 | Lair:2   | Identified the +2 buckler of Past Mistakes {Int+4} (Okawaru
                  | gifted it to you in a Gauntlet)
 17749 | Lair:2   | Found a staircase to the Shoals.
 17929 | Lair:2   | Noticed Urug
 17942 | Lair:2   | Killed Urug
 18367 | Lair:3   | Noticed an eight-headed hydra
 18398 | Lair:3   | Killed a three-headed hydra
 18886 | Lair:3   | You fall into a shaft and drop 2 floors!
 18906 | Lair:5   | Reached XP level 14. HP: 116/119 MP: 16/16
 19024 | Lair:5   | Reached skill level 14 in Fighting
 19328 | Lair:5   | Found a staircase to the Slime Pits.
 19838 | Lair:4   | Received a gift from Okawaru
 19958 | Lair:3   | Reached skill level 5 in Invocations
 21064 | Lair:4   | Found a hole to the Spider Nest.
 22072 | Lair:6   | Entered Level 6 of the Lair of Beasts
 22482 | Lair:6   | Received a gift from Okawaru
 23502 | Lair:6   | Found a large runed translucent door.
 23503 | Lair:6   | Found a large runed translucent door.
 23591 | Lair:6   | Identified the +8 rapier of Law {vorpal, rC+ rN+ MR+ Int+2}
                  | (You found it on level 6 of the Lair of Beasts)
 23889 | Lair:6   | Reached XP level 15. HP: 118/127 MP: 19/19
 24541 | Lair:6   | Reached skill level 10 in Armour
 24566 | Lair:6   | Reached skill level 10 in Shields
 24765 | Lair:6   | Upgraded the game from 0.25-a0-668-gea548f1 to
                  | 0.25-a0-670-g50981ef
 25012 | Orc:1    | Entered Level 1 of the Orcish Mines
 25012 | Orc:1    | Found a shimmering altar of Xom.
 25057 | Orc:1    | Received a gift from Okawaru
 25119 | Orc:1    | Noticed an orc warlord
 25466 | D:9      | Killed an orc warlord
 26052 | Orc:2    | Entered Level 2 of the Orcish Mines
 26126 | Orc:2    | Found a roughly hewn altar of Beogh.
 26188 | Orc:2    | Found a roughly hewn altar of Beogh.
 26403 | Orc:2    | Found a staircase to the Elven Halls.
 26506 | Orc:2    | Found a roughly hewn altar of Beogh.
 26643 | Orc:2    | Found a roughly hewn altar of Beogh.
 26665 | Orc:2    | Found Qayv's Gadget Boutique.
 26808 | Orc:2    | Found a roughly hewn altar of Beogh.
 26831 | Orc:2    | Found Pecageog's Antique Weapon Emporium.
 26931 | Orc:2    | Found Zoden's Antique Weapon Emporium.
 27324 | Orc:2    | Found a roughly hewn altar of Beogh.
 27904 | Orc:2    | Noticed Saint Roka
 27917 | Orc:2    | Reached skill level 15 in Fighting
 27927 | Orc:2    | Killed from afar by Saint Roka

Levels and vault maps discovered:
D:1:      dpeg_arrival_brainrot, layout_basic, serial_bayou_lagoon_a
D:2:      layout_rooms, bh_walls_and_bars
D:3:      gammafunk_steamed_eel, layout_rooms, chequers_ecumenical_altar_simple,
          kennysheep_generic_room_2, uniq_purgy
D:4:      layout_basic, first_ration, uniq_ijyb, uniq_edmund
D:5:      layout_cave_pods, nicolae_gozag_seed_capital
D:6:      nicolae_whirlpool, layout_basic, lightli_ossuary_entry_decrepit_ruins,
          serial_shops, nicolae_shop_stone, uniq_crazy_yiuf_cottage
D:7:      wad_woods_tower, layout_basic, overflow_temple_1_default,
          serial_shops, shop, uniq_pikel, uniq_menkaure
D:8:      layout_loops_ring, lair_entry_dummy, chequers_serial_rivers_micro_a
D:9:      layout_basic, orc_0_dummy, serial_shops, shop, hangedman_fish_farm,
          corexii_checkpoint_b, nrook_guardian_serpent_ordinary, uniq_erica
D:10:     layout_irregular_city, basic_altar, hangedman_decor_growths
D:11:     layout_basic, uniq_josephine
D:12:     layout_roguey [special_room_orc], kennysheep_big_empty_room,
          uniq_azrael
Temple:   nicolae_temple_the_god_donut
Lair:1:   layout_chaotic_city, lemuel_altar_in_water2, lemuel_fruit_fields,
          serial_bayou_shore_b
Lair:2:   layout_chaotic_city, elwin_shoals_entry_rocks, gauntlet_entry_generic,
          chequers_serial_rivers_marsh, serial_bayou_shore_a, uniq_urug
Lair:3:   layout_layer_cave
Lair:4:   wander_river, layout_cave_pods, dummy_spider_entry, nzn_random_ring
Lair:5:   layout_loops_ring, slime_dummy
Lair:6:   cheibrodos_lair_end_hotspot, layout_gridlike
Orc:1:    layout_caves, basic_altar
Orc:2:    grunt_orc_community_town_hall, layout_diamond_mine,
          grunt_orc_community_big_house_2, grunt_orc_community_big_house_2,
          grunt_orc_community_house_2, grunt_orc_community_house_2,
          grunt_orc_community_house_1, grunt_orc_community_house_3,
          serial_shops, shop, mines2_david

Skill      XL: |  1  2  3  4  5  6  7  8  9 10 11 12 13 14 15 |
---------------+----------------------------------------------+-----
Long Blades    | 3 4 5 6 7 9 11 12 13 14 | 14.8
Fighting       | 4 5 6 8 9 11 12 13 14 15 | 15.0
Armour         | 4 6 8 9 10 | 10.5
Shields        | 4 6 8 9 10 | 10.5
Invocations    | 3 6 7 |  7.8

Action                   |  1- 3 |  4- 6 |  7- 9 | 10-12 | 13-15 || total
-------------------------+-------+-------+-------+-------+-------++-------
Melee: Long sword        |   113 |   158 |   553 |   276 |       ||  1100
       Short sword       |       |       |       |    88 |       ||    88
       Scimitar          |       |       |       |   508 |  1215 ||  1723
       Double sword      |       |       |       |       |     9 ||     9
Throw: Boomerang         |       |       |       |       |     4 ||     4
Invok: Heroism           |       |       |       |       |     9 ||     9
       Finesse           |       |       |       |       |     3 ||     3
Evoke: Wand              |       |     2 |     7 |       |    14 ||    23
  Use: Scroll            |     2 |     5 |    11 |    10 |     5 ||    33
       Potion            |       |     1 |     6 |     2 |     5 ||    14
 Stab: Invisible         |       |       |       |     1 |       ||     1
  Eat: Chunk             |     2 |     5 |    27 |    18 |    39 ||    91
       Ration            |       |       |       |       |     1 ||     1
Armor: Scale mail        |    51 |    78 |    98 |       |       ||   227
       Chain mail        |       |       |   180 |   317 |   468 ||   965
       Plate armour      |       |       |       |       |    81 ||    81
Dodge: Dodged            |    44 |    41 |   147 |   123 |   262 ||   617
Block: Kite shield       |    51 |    83 |   256 |   520 |   999 ||  1909
       Reflection        |       |       |       |    14 |    16 ||    30
       Rpst.: Long sword |    11 |    17 |    42 |    21 |       ||    91
       Scimitar          |       |       |       |    20 |    58 ||    78

Table legend:
 A = Non-vault XP
 B = Vault XP
 C = Vault XP percentage of total XP
 D = Non-vault monster count
 E = Vault monster count
 F = Vault count percentage of total count
                 A         B        C        D         E       F
            +---------+---------+-------+---------+---------+-------
      Total |   60470 |   34742 |  36.5 |     521 |     201 |  27.8
            +---------+---------+-------+---------+---------+-------
        D:1 |      43 |       0 |   0.0 |      24 |       0 |   0.0
        D:2 |      77 |       0 |   0.0 |      29 |       0 |   0.0
        D:3 |     254 |     238 |  48.4 |      32 |       6 |  15.8
        D:4 |     295 |     200 |  40.4 |      29 |       2 |   6.5
        D:5 |     726 |       0 |   0.0 |      27 |       0 |   0.0
        D:6 |    2539 |     154 |   5.7 |      46 |       2 |   4.2
        D:7 |     721 |     897 |  55.4 |      14 |       8 |  36.4
        D:8 |     512 |       0 |   0.0 |      16 |       0 |   0.0
        D:9 |    4012 |    1729 |  30.1 |      38 |       5 |  11.6
       D:10 |     857 |       0 |   0.0 |      17 |       0 |   0.0
       D:11 |    5007 |    1737 |  25.8 |      56 |       4 |   6.7
       D:12 |    6693 |    2911 |  30.3 |      33 |      31 |  48.4
     Lair:1 |    3563 |       0 |   0.0 |      13 |       0 |   0.0
     Lair:2 |    4567 |     839 |  15.5 |      20 |       1 |   4.8
     Lair:3 |    3851 |       0 |   0.0 |      13 |       0 |   0.0
     Lair:4 |    4344 |    2627 |  37.7 |      15 |       9 |  37.5
     Lair:5 |    4092 |    3557 |  46.5 |      19 |       7 |  26.9
     Lair:6 |   10869 |   10196 |  48.4 |      30 |      30 |  50.0
      Orc:1 |    3238 |       0 |   0.0 |      20 |       0 |   0.0
      Orc:2 |    4210 |    4731 |  52.9 |      30 |      68 |  69.4
    Ossuary |       0 |     154 | 100.0 |       0 |      16 | 100.0
   Gauntlet |       0 |    4772 | 100.0 |       0 |      12 | 100.0
            +---------+---------+-------+---------+---------+-------
